 Dungeon Crawl Stone Soup version 0.25-a0-734-g73332ae (webtiles) character file.

Game seed: 704972547732936189, levelgen mode: deterministic

840 BlueFish the Ruffian (level 7, -3/67 HPs)
             Began as a Troll Hunter on Apr 9, 2020.
             Slain by Pikel
             ... wielding a +0 whip of freezing
              (4 damage)
             ... on level 5 of the Dungeon.
             The game lasted 00:06:42 (3477 turns).

BlueFish the Ruffian (Troll Hunter)                 Turns: 3477, Time: 00:06:42

Health: -3/67      AC:  7    Str: 22    XL:     7   Next: 67%
Magic:  6/6        EV: 10    Int:  7    God:
Gold:   311        SH:  0    Dex: 11    Spells: 6/6 levels left

rFire    . . .     SeeInvis .     - Unarmed
rCold    . . .     Gourm    +   (no shield)
rNeg     + . .     Faith    .   b - +0 robe
rPois    .         Spirit   .   (helmet restricted)
rElec    .         Reflect  .   g - +0 cloak
rCorr    .         Harm     .   (gloves unavailable)
MR       .....                  (boots unavailable)
Stlth    ++........             (no amulet)
HPRegen  0.61/turn              j - ring of positive energy
MPRegen  0.10/turn              (no ring)

@: no status effects
A: large, unfitting armour, claws 3, fast metabolism 3, gourmand, regeneration
1, shaggy fur 1, tough skin 3
a: no special abilities


You were on level 5 of the Dungeon.
You were very full.

You visited 1 branch of the dungeon, and saw 5 of its levels.
You also visited: Sewer.

You collected 311 gold pieces.

Inventory:

Missiles
 c - 5 large rocks (quivered)
 d - 2 throwing nets
Armour
 b - a +0 robe (worn)
 g - a +0 cloak (worn)
Jewellery
 j - a ring of positive energy (left claw)
Wands
 v - a wand of digging (4)
Scrolls
 i - 4 scrolls of teleportation
 l - a scroll of fear
 o - 4 scrolls of remove curse
 r - 4 scrolls of fog
Potions
 a - 2 potions of heal wounds {unknown}
 e - 3 potions of flight
 h - a potion of invisibility {unknown}
 m - 4 potions of might
 n - a potion of stabbing {unknown}
 p - 4 potions of magic {unknown}
 q - a potion of resistance {unknown}
 s - a potion of lignification {unknown}
 t - a potion of haste {unknown}
 u - 2 potions of curing
Comestibles
 f - 8 rations


   Skills:
 * Level 3.0 Fighting
 * Level 4.7 Throwing
 + Level 2.6 Dodging
 + Level 1.7 Stealth
 * Level 6.0 Unarmed Combat


You had 6 spell levels left.
You didn't know any spells.
Your spell library was empty.

Dungeon Overview and Level Annotations

Branches:
Dungeon (5/15)              Sewer (visited)
 Temple: D:4-7

Altars:
Qazlal

Annotations:
D:5 Pikel


Innate Abilities, Weirdness & Mutations

You are too large for most types of armour.
You have claws for hands.
Your metabolism is lightning-fast.
You like to eat raw meat.
Your natural rate of healing is unusually fast.
You are covered in fur. (AC +1)
You have extremely tough skin. (AC +3)


Message History

You barely miss Pikel.
Pikel is severely wounded.
The slave misses you. The slave barely misses you.
The slave hits you but does no damage. Pikel hits you but does no damage.
You claw Pikel!
Pikel is almost dead.
The slave hits you! The slave barely misses you. The slave hits you.
You barely miss Pikel.
Pikel is almost dead.
Pikel zaps a wand.
Pikel creates a blast of flame!
The slave hits you.
You scratch Pikel.
Pikel is almost dead.
You are engulfed in blazing flames.
* * * LOW HITPOINT WARNING * * *
The slave misses you. The slave hits you!
* * * LOW HITPOINT WARNING * * *
Pikel hits you with a +0 whip of freezing!
* * * LOW HITPOINT WARNING * * *
Pikel freezes you.
You die...

#...................
#####+#.............
#.............
#.............
######........
#§§§§'........
+§§§.#........
##§§.#......#+
#@p.#......#
#.....pKp.#......#
+....##p..#......#
#### #...#....###
#...#....# #...#
+...# #####


You could see Pikel and 4 slaves.

Vanquished Creatures
  Sigmund (D:3)
  Eustachio (D:4)
  An ogre (D:4)
  A water moccasin skeleton (D:5)
  A hound (D:4)
  3 orc wizards
  3 worker ants
  A hound skeleton (D:4)
  A worker ant zombie (D:5)
  8 adders
  2 river rats (Sewer)
  A shadow imp (D:5)
  An ooze (D:1)
  A dart slug (D:3)
  9 orcs
  7 ball pythons
  10 giant cockroaches
  3 goblins
  7 hobgoblins
  11 jackals
  5 bats
  11 frilled lizards
  5 kobolds
  A leopard gecko skeleton (D:5)
  13 rats
108 creatures vanquished.

Vanquished Creatures (others)
  4 toadstools (D:1)
4 creatures vanquished.

Grand Total: 112 creatures vanquished

Notes
Turn   | Place    | Note
-------+----------+-------------------------------------------
     0 | D:1      | BlueFish the Troll Hunter began the quest for the Orb.
     0 | D:1      | Reached XP level 1. HP: 19/19 MP: 0/0
    77 | D:1      | Reached XP level 2. HP: 15/28 MP: 1/1
   174 | D:1      | Reached skill level 1 in Unarmed Combat
   800 | D:1      | Reached XP level 3. HP: 35/35 MP: 2/2
  1577 | D:3      | Reached skill level 2 in Unarmed Combat
  1668 | D:3      | Noticed Sigmund
  1684 | D:3      | Killed Sigmund
  1684 | D:3      | Reached skill level 3 in Unarmed Combat
  1684 | D:3      | Reached XP level 4. HP: 13/44 MP: 3/3
  1684 | D:3      | Reached XP level 5. HP: 15/50 MP: 4/4
  1781 | D:3      | Reached skill level 1 in Stealth
  1781 | D:3      | Reached skill level 4 in Unarmed Combat
  1923 | D:3      | Reached XP level 6. HP: 56/59 MP: 5/5
  2307 | D:3      | Found a glowing drain.
  2324 | Sewer    | Entered a sewer
  2799 | D:4      | Noticed Eustachio
  2821 | D:4      | Killed Eustachio
  2821 | D:4      | Reached skill level 5 in Unarmed Combat
  2821 | D:4      | Reached XP level 7. HP: 57/66 MP: 6/6
  3204 | D:4      | Found a stormy altar of Qazlal.
  3208 | D:5      | Entered Level 5 of the Dungeon
  3397 | D:5      | Reached skill level 6 in Unarmed Combat
  3462 | D:5      | Noticed Pikel
  3477 | D:5      | HP: 1/67 [Pikel/+0 whip of freezing (7)]
  3477 | D:5      | Slain by Pikel

Levels and vault maps discovered:
D:1:      enne_arrival_octagon_isle, layout_loops_corners,
          minmay_gold_behind_fungi
D:2:      layout_basic, minmay_worlds_worst_comb
D:3:      layout_basic, portal_sewer_entry_b, uniq_sigmund
D:4:      layout_rooms, nicolae_qazlal_eye_of_the_storm, uniq_eustachio
D:5:      layout_gridville, first_ration, grunt_ministairs_7, uniq_pikel,
          uniq_grinder

Skill      XL: |  1  2  3  4  5  6  7 |
---------------+----------------------+-----
Unarmed Combat | 1 3 4 5 6 |  6.0
Throwing       | 4 |  4.7
Fighting       | 2 3 |  3.0
Dodging        | 2 |  2.6
Stealth        | 1 |  1.7

Action                   |  1- 3 |  4- 6 |  7- 9 || total
-------------------------+-------+-------+-------++-------
Melee: Unarmed           |   136 |   127 |    70 ||   333
       Punch             |       |     3 |     3 ||     6
  Use: Scroll            |     2 |     5 |     4 ||    11
 Stab: Sleeping          |     3 |     6 |     2 ||    11
  Eat: Chunk             |    21 |    11 |     4 ||    36
Armor: Robe              |    70 |    34 |    33 ||   137
Dodge: Dodged            |    88 |    58 |    57 ||   203

Table legend:
 A = Non-vault XP
 B = Vault XP
 C = Vault XP percentage of total XP
 D = Non-vault monster count
 E = Vault monster count
 F = Vault count percentage of total count
                 A         B        C        D         E       F
            +---------+---------+-------+---------+---------+-------
      Total |     672 |     529 |  44.0 |      77 |      31 |  28.7
            +---------+---------+-------+---------+---------+-------
        D:1 |      54 |       0 |   0.0 |      29 |       0 |   0.0
        D:2 |      11 |       8 |  42.1 |       8 |       4 |  33.3
        D:3 |     137 |     233 |  63.0 |      18 |       5 |  21.7
        D:4 |     302 |     202 |  40.1 |      13 |       1 |   7.1
        D:5 |     168 |      31 |  15.6 |       9 |       2 |  18.2
      Sewer |       0 |      55 | 100.0 |       0 |      19 | 100.0
            +---------+---------+-------+---------+---------+-------
